 Dungeon Sprint DCSS version 0.28.0-53-g5a82cb258f (webtiles) character file.

Game seed: 16212636139015105111

7315 Atelerd the Fighter (level 11, -2/79 (80) HPs)
             Began as a Gargoyle Gladiator on July 17, 2022.
             Was the Champion of Trog.
             Slain by a vampire knight
             ... wielding a +0 war axe
              (9 damage)
             ... in the Dungeon (Sprint V: "Ziggurat Sprint").
             The game lasted 00:05:39 (1089 turns).

Atelerd the Fighter (Gargoyle Gladiator)            Turns: 1089, Time: 00:05:40

HP:   -2/79 (80)    AC: 45    Str: 29    XL:     11   Next: 13%
MP:   11/11         EV: 12    Int:  8    God:    Trog [******]
Gold: 0             SH:  5    Dex: 11    Spells: 10/10 levels left

rFire   + + +      SeeInvis .   H - +7 great mace "Firestarter" {inner flame, rF++}
rCold   . . .      Faith    .   (shield currently unavailable)
rNeg    + . .      Spirit   .   E - +15 Maxwell's patent armour {-Cast -Tele rElec Will+ rCorr}
rPois   ∞          Reflect  +   c - +0 helmet
rElec   +          Harm     .   (no cloak)
rCorr   +          Rampage  ∞   (no gloves)
Will    +++..      NoTele   +   P - +3 pair of seven-league boots {Rampage+∞}
Stlth   .......... NoCast   +   n - amulet of reflection
HPRegen 1.23/turn               z - +6 ring of strength
MPRegen 0.12/turn               K - ring of protection from fire

@: strong-willed, regenerating, lightly drained
A: sickness immunity, AC +8, negative energy resistance 1, electricity
resistance, torment resistance 1, petrification resistance
a: Renounce Religion, Berserk, Trog's Hand, Brothers in Arms


You were in the Dungeon.
You worshipped Trog.
Trog was exalted by your worship.
You visited 1 branch

Inventory:

Hand Weapons
 a - a +0 flail
 G - the +7 Singing Sword {vorpal, sonic wave}
   (You found it in the Dungeon)

   It inflicts extra damage upon your enemies.
   It radiates damaging sonic waves as it strikes, especially in combat
   involving dangerous or numerous foes.
 H - the +7 great mace "Firestarter" (weapon) {inner flame, rF++}
   (You found it in the Dungeon)

   It burns those it strikes, dealing additional fire damage.
   It fills those it strikes with an explosive inner flame.
   It grants immunity to clouds of flame.
   rF:        It greatly protects you from fire.
 I - the +14 obsidian axe {vorpal, Mesm Drain Fly SInv}
   (You found it in the Dungeon)

   It inflicts extra damage upon your enemies.
   It occasionally summons demons to assist the wielder when it strikes in
   combat.
   Its wielder is mesmerised by any visible foes.
   It cannot be unequipped while any foes are visible.
   SInv:      It lets you see invisible.
   Fly:       It grants you flight.
   Drain:     It drains your maximum health when unequipped.
 M - the +5 falchion of Internal Strife {flame, rElec rC+++ Str-2}
   (You found it in the Dungeon)

   It burns those it strikes, dealing additional fire damage.
   Big, fiery blades are also staple armaments of hydra-hunters.
   Str:       It affects your strength (-2).
   rC:        It renders you almost immune to cold.
   rElec:     It insulates you from electricity.
Missiles
 d - 3 throwing nets (quivered)
Armour
 b - a +0 leather armour
 c - a +0 helmet (worn)
 E - the +15 Maxwell's patent armour (worn) {-Cast -Tele rElec Will+ rCorr}
   (You found it in the Dungeon)

   rElec:     It insulates you from electricity.
   -Cast:     It prevents spellcasting.
   -Tele:     It prevents most forms of teleportation.
   rCorr:     It protects you from acid and corrosion.
   Will:      It increases your willpower.
 F - the +18 shield of the Gong {rElec rN+ Will+ EV-5}
   (You found it in the Dungeon)

   It is deafeningly noisy when blocking attacks.
   EV:        It affects your evasion (-5).
   rElec:     It insulates you from electricity.
   rN:        It protects you from negative energy.
   Will:      It increases your willpower.
 P - the +3 pair of seven-league boots (worn) {Rampage+∞}
   (You found it in the Dungeon)

   Its wearer moves as far as possible in that direction when moving towards
   enemies.
Jewellery
 n - an amulet of reflection (around neck)
 u - a ring of flight
 v - a +6 ring of dexterity
 w - a +6 ring of dexterity
 x - a +6 ring of intelligence
 y - a +6 ring of intelligence
 z - a +6 ring of strength (left hand)
 A - a +6 ring of strength
 J - an amulet of faith
 K - a ring of protection from fire (right hand)
 O - the ring "Yvack" {MP+9 Str+4 Int-4}
   (You found it in the Dungeon)

   [ring of magical power]

   Str:       It affects your strength (+4).
   Int:       It affects your intelligence (-4).
   MP:        It affects your magic capacity (+9).
 Q - a +6 ring of strength
 S - a ring of see invisible
Wands
 B - a wand of mindburst (7)
 C - a wand of iceblast (7)
 D - a wand of acid (7)
Scrolls
 j - 4 scrolls of blinking
 p - 4 scrolls of amnesia
 q - 7 scrolls of fog
 r - a scroll of holy word
 s - 5 scrolls of identify
 t - 2 scrolls of fear
 L - a scroll of brand weapon
Potions
 e - 10 potions of curing
 f - 7 potions of heal wounds
 g - 6 potions of haste
 h - 7 potions of magic
 i - 3 potions of berserk rage
 k - 2 potions of brilliance
 l - a potion of invisibility
 m - 4 potions of resistance
 o - 5 potions of might
Miscellaneous
 N - a piece from Xom's chessboard (15/15)
 R - a tin of tremorstones (2/2)


   Skills:
 + Level 14.7 Fighting
 + Level 13.7 Maces & Flails
 - Level 1.7 Throwing
 + Level 14.5 Armour
 * Level 11.7 Dodging


You had 10 spell levels left.
You didn't know any spells.
Your spell library was empty.

Dungeon Overview and Level Annotations

Branches:
Dungeon (1/1)

Altars:
Ashenzari
Cheibriados
Dithmenos
Elyvilon
Fedhas
Gozag
Hepliaklqana
Kikubaaqudgha
Makhleb
Nemelex Xobeh
Okawaru
Qazlal
Ru
Sif Muna
Trog
Uskayaw
Vehumet
Wu Jian
Xom
Yredelemnul
Zin
The Shining One
Beogh
Jiyva
Lugonu

Annotations:
D 1 transporter


Innate Abilities, Weirdness & Mutations

You are immune to sickness and miasma.
Your stone body is resilient. (AC +8)
You are immune to poison.
You resist negative energy. (rN+)
You are resistant to electric shocks. (rElec)
You are resistant to unholy torment.
You are immune to petrification.


Message History

You block the wight's attack.
Unknown command.
You barely miss the vampire knight.
The vampire knight is moderately damaged.
You hear some strange, mumbled words.
Something tries to affect you, but you resist.
You block the wight's attack.
The vampire knight is engulfed in blazing flames.
Flame seeps out of the vampire knight.
The vampire knight hits you but does no damage.
The vampire knight bites you. Something hits you but does no damage.
Something bites you but does no damage. The wight hits you but does no damage.
Unknown command.
Unknown command.
Unknown command.
You hit the vampire knight.
Flame seeps out of the vampire knight.
You burn the vampire knight.
Flame seeps out of the vampire knight.
The vampire knight is heavily damaged.
The vampire knight is engulfed in blazing flames.
Flame seeps out of the vampire knight.
The vampire knight casts a spell.
The vampire knight flickers and vanishes!
The wight completely misses you. Something hits you but does no damage.
Something bites you but does no damage.
Flame seeps out of something.
You block something's attack. Something bites you but does no damage.
The wight barely misses you.
Unknown command.
You miss something. Something hits you but does no damage.
Something bites you but does no damage. The wight closely misses you.
Something hits you.
* * * LOW HITPOINT WARNING * * *
Something bites you but does no damage. Something hits you!!
* * * LOW HITPOINT WARNING * * *
Something bites you but does no damage. You block the wight's attack.
You block something's attack. Something bites you but does no damage.
Unknown command.
You feel much better. Something hits you!
* * * LOW HITPOINT WARNING * * *
Something bites you!
You die...

▓▓▓▓▓▓▓▓▓▓▓▓▓▓▓▓▓▓▓
▓...8©8...▓...8©8...▓
▓..)})[}..▓..||)|:..▓
▓..})=}}..▓...|:})..▓
▓.........▓.........▓
▓.........▓...††....▓
▓..)z.....▓...†)†...▓
▓..p{{....▓.....†...▓
▓...@z....▓.▓.....▓.▓
▓.........▓....©....▓
▓....©....▓▓▓▓▓▓▓▓▓▓▓
▓▓▓▓▓▓▓▓▓▓▓


You could see a necromancer and 2 wights.

Vanquished Creatures
  2 hell hogs (D)
  4 wolf spiders (D)
  2 toenail golems (D)
  An eye of devastation (D)
  4 jumping spiders (D)
  A fire elemental (D)
  2 redbacks (D)
  2 water moccasins (D)
  A hell hound (D)
  A floating eye (D)
  4 necrophages (D)
  7 scorpions (D)
  3 jellies (D)
  2 orc priests (D)
  3 orc wizards (D)
  2 adders (D)
  2 adder zombies (D)
  A bat zombie (D)
  3 ball pythons (D)
  A ball python skeleton (D)
  2 ball python zombies (D)
  A giant cockroach zombie (D)
  A quokka skeleton (D)
  A fire vortex (D)
53 creatures vanquished.

Vanquished Creatures (collateral kills)
  2 skeletal warriors (D)
  A necrophage (D)
3 creatures vanquished.

Vanquished Creatures (others)
  2 endoplasms (D)
  A fire vortex (D)
3 creatures vanquished.

Grand Total: 59 creatures vanquished

Notes
Turn   | Place    | Note
-------+----------+-------------------------------------------
     0 | D        | Atelerd the Gargoyle Gladiator began the quest for the Orb.
     0 | D        | Reached XP level 1. HP: 12/12 MP: 1/1
     0 | D        | Found a blossoming altar of Fedhas.
     0 | D        | Found the +6 Majin-Bo {vamp, MP+6 Int+6}
     0 | D        | Found the +9 heavy crossbow "Sniper" {vorpal, Acc+∞ SInv}
     0 | D        | Found the +10 dark maul {vorpal}
     0 | D        | Found the +15 Maxwell's patent armour {-Cast -Tele rElec
                  | Will+ rCorr}
     0 | D        | Found the +18 shield of the Gong {rElec rN+ Will+ EV-5}
     0 | D        | Found the +14 obsidian axe {vorpal, Mesm Drain Fly SInv}
     0 | D        | Found the +7 great mace "Firestarter" {inner flame, rF++}
     0 | D        | Found the +6 shillelagh "Devastator" {shatter}
     0 | D        | Found the +11 plutonium sword {Contam Stlth-}
     0 | D        | Found the +8 lance "Wyrmbane" {slay drac, rPois rF+ rC+
                  | AC+3}
     0 | D        | Found the +9 sword of Zonguldrok {reap}
     0 | D        | Found the +13 scythe of Curses {drain, Drain}
     0 | D        | Found the +5 sword of Power {vorpal}
     0 | D        | Found the +7 mace of Variability {chain chaos}
     0 | D        | Found the +7 Singing Sword {vorpal, sonic wave}
     0 | D        | Found the +8 storm bow {elec, penet}
     1 | D        | Found a shimmering blue altar of Sif Muna.
     1 | D        | Found a sacrificial altar of Ru.
     1 | D        | Found a bloodstained altar of Trog.
     1 | D        | Found a stormy altar of Qazlal.
     1 | D        | Found an iron altar of Okawaru.
     1 | D        | Found a sparkling altar of Nemelex Xobeh.
     3 | D        | Found a transporter.
     3 | D        | Found an ancient bone altar of Kikubaaqudgha.
     3 | D        | Found a viscous altar of Jiyva.
     3 | D        | Found a corrupted altar of Lugonu.
     3 | D        | Found a hazy altar of Hepliaklqana.
     3 | D        | Found a burning altar of Makhleb.
     3 | D        | Found an opulent altar of Gozag.
    40 | D        | Became a worshipper of Trog the Wrathful
    41 | D        | Reached skill level 5 in Fighting
    41 | D        | Reached skill level 5 in Maces & Flails
    41 | D        | Reached XP level 2. HP: 21/21 MP: 2/2
    86 | D        | Entered arena 2.
    86 | D        | Found the +6 lightning scales {swift, rElec}
    86 | D        | Noticed a toenail golem
    86 | D        | Noticed a toenail golem
    86 | D        | Found a transporter.
    91 | D        | Killed a toenail golem
    92 | D        | Reached XP level 3. HP: 18/31 MP: 3/3
    92 | D        | Reached XP level 4. HP: 21/36 MP: 4/4
    92 | D        | Reached XP level 5. HP: 24/41 MP: 5/5
    92 | D        | Reached XP level 6. HP: 27/46 MP: 6/6
    92 | D        | Killed a toenail golem
    93 | D        | Reached skill level 10 in Fighting
    93 | D        | Reached skill level 10 in Maces & Flails
    93 | D        | Reached skill level 10 in Armour
    93 | D        | Reached XP level 7. HP: 32/53 MP: 7/7
   318 | D        | Entered arena 3.
   318 | D        | Found a transporter.
   321 | D        | Reached * piety under Trog
   329 | D        | Entered arena 4.
   329 | D        | Found a transporter.
   334 | D        | Reached ** piety under Trog
   359 | D        | Entered arena 5.
   359 | D        | Found a transporter.
   363 | D        | Reached *** piety under Trog
   364 | D        | Reached XP level 8. HP: 52/60 MP: 8/8
   416 | D        | Entered arena 6.
   416 | D        | Found a transporter.
   418 | D        | Reached **** piety under Trog
   423 | D        | Reached ***** piety under Trog
   423 | D        | Identified the +0 flail "Yfixug" {vorpal, +Blink Str+6}
                  | (Trog gifted it to you in the Dungeon)
   423 | D        | Received a gift from Trog
   440 | D        | Entered arena 7.
   440 | D        | Noticed a hell hog
   440 | D        | Noticed a hell hog
   441 | D        | Found a transporter.
   448 | D        | Reached skill level 5 in Dodging
   457 | D        | Killed a hell hog
   458 | D        | Reached XP level 9. HP: 26/65 MP: 9/9
   469 | D        | Killed a hell hog
   480 | D        | Got the +5 falchion of Internal Strife {flame, rElec rC+++
                  | Str-2}
   584 | D        | Entered arena 8.
   584 | D        | Found the +3 pair of seven-league boots {Rampage+∞}
   585 | D        | Found a transporter.
   590 | D        | Received a gift from Trog
   599 | D        | Got the ring "Yvack" {MP+9 Str+4 Int-4}
   713 | D        | Entered arena 9.
   713 | D        | Noticed an eye of devastation
   714 | D        | Found a transporter.
   720 | D        | Killed an eye of devastation
   756 | D        | Entered arena 10.
   756 | D        | Noticed a wolf spider
   756 | D        | Noticed a wolf spider
   756 | D        | Noticed a wolf spider
   757 | D        | Found a transporter.
   759 | D        | Killed a wolf spider
   759 | D        | Received a gift from Trog
   759 | D        | Killed a wolf spider
   759 | D        | Reached ****** piety under Trog
   760 | D        | Reached XP level 10. HP: 63/73 MP: 10/10
   760 | D        | Killed a wolf spider
   761 | D        | Reached skill level 10 in Dodging
   946 | D        | Entered arena 11.
   946 | D        | Found the +7 sceptre of Torment {pain, torment}
   946 | D        | Noticed a wolf spider
   947 | D        | Found a transporter.
   950 | D        | Killed a wolf spider
   950 | D        | Received a gift from Trog
   951 | D        | Received a gift from Trog
  1075 | D        | Entered arena 12.
  1075 | D        | Noticed a skeletal warrior
  1075 | D        | Noticed a vampire knight
  1075 | D        | Noticed a skeletal warrior
  1075 | D        | Noticed a vampire knight
  1076 | D        | Identified the +2 robe of Resourcefulness {rN+ Int+2}
  1076 | D        | Identified the +9 quarterstaff of Majestic Courage {vorpal,
                  | Contam rC+ Int+7}
  1076 | D        | Noticed a necromancer
  1079 | D        | Killed a skeletal warrior
  1080 | D        | Reached XP level 11. HP: 80/80 MP: 11/11
  1080 | D        | Found a transporter.
  1080 | D        | Killed a skeletal warrior
  1081 | D        | Received a gift from Trog
  1088 | D        | HP: 2/79 [something (20)]
  1089 | D        | Slain by a vampire knight

Illustrated notes

Levels and vault maps discovered:
D:        sprint_v [room_start, room_1, room_2, room_3, room_4, room_5, room_6,
          room_7, room_8, room_9, room_10, room_11, room_12, room_13, room_14,
          room_15, room_16, room_17, room_18, room_19, room_20, room_21,
          room_22, room_23, room_24, room_25, room_26, room_27]

Skill      XL: |  1  2  3  4  5  6  7  8  9 10 |
---------------+-------------------------------+-----
Fighting       | 5 9 10 11 12 13 14 | 14.7
Maces & Flails | 5 8 10 11 12 13 | 13.7
Armour         | 4 8 10 11 13 14 | 14.5
Dodging        | 4 6 9 11 | 11.7
Throwing       | |  1.7

Action                   |  1- 3 |  4- 6 |  7- 9 | 10-12 || total
-------------------------+-------+-------+-------+-------++-------
Melee: Double sword      |     3 |     1 |    15 |       ||    19
       Great mace        |       |       |    48 |    26 ||    74
Invok: Trog's Hand       |       |       |     2 |     2 ||     4
       Brothers in Arms  |       |       |       |     1 ||     1
  Use: Potion            |     2 |       |     2 |     1 ||     5
Armor: Plate armour      |     3 |       |    90 |    65 ||   158
Dodge: Dodged            |       |       |    39 |    24 ||    63
Block: Kite shield       |     6 |       |    35 |       ||    41
       Other             |       |       |    16 |    18 ||    34
